 Dungeon Crawl Stone Soup version 0.30-b1-2-g02819fbbbe (webtiles) character file.

Game seed: 250716321879002929

162 ketsa the Sneak (level 5, -3/30 HPs)
             Began as a Kobold Brigand on May 22, 2023.
             Slain by an orc
             ... wielding a +0 mace
              (7 damage)
             ... on level 4 of the Dungeon.
             The game lasted 00:07:58 (3358 turns).

ketsa the Sneak (Kobold Brigand)                    Turns: 3358, Time: 00:07:59

Health: -3/30      AC:  4    Str:  8    XL:     5   Next: 71%
Magic:  5/5        EV: 14    Int: 15    God:
Gold:   142        SH:  5    Dex: 18    Spells: 4/4 levels left

rFire   . . .        a - +2 dagger
rCold   + . .        (no shield)
rNeg    . . .        b - +0 robe
rPois   .            w - +0 helmet
rElec   .            c - +0 cloak
rCorr   .            (no gloves)
SInv    .            (no boots)
Will    .....        x - amulet "Xemon" {Reflect Int+2 SH+5}
Stlth   +++++        j - +4 ring of slaying
HPRegen 0.25/turn    y - ring of protection from cold
MPRegen 0.09/turn

%: reflection
@: no status effects
A: small, no large weapons, nightstalker 3
a: no special abilities


You were on level 4 of the Dungeon.
You visited 1 branch of the dungeon, and saw 4 of its levels.

You collected 142 gold pieces.

Inventory:

Hand Weapons
 a - a +2 dagger (weapon)
 m - a +0 dagger of venom
Missiles
 d - 17 poisoned darts (quivered)
 e - 3 curare-tipped darts
 u - 5 atropa-tipped darts
Armour
 b - a +0 robe (worn)
 c - a +0 cloak (worn)
 v - the +2 leather armour "Gaicahae" {rElec rC- Str+2}
   (You found it on level 3 of the Dungeon)

   Str:       It affects your strength (+2).
   rC:        It makes you vulnerable to cold.
   rElec:     It insulates you from electricity.
 w - a +0 helmet (worn)
Jewellery
 j - a +4 ring of slaying (left hand)
 n - a ring of ice
 x - the amulet "Xemon" (around neck) {Reflect Int+2 SH+5}
   (You found it on level 3 of the Dungeon)

   [amulet of reflection]

   It reflects blocked missile attacks.
   Int:       It affects your intelligence (+2).
   SH:        It affects your SH (+5).
 y - a ring of protection from cold (right hand)
Wands
 l - a wand of roots (4)
Scrolls
 f - a scroll of brand weapon {unknown}
 g - 2 scrolls of teleportation {unknown}
 k - a scroll of immolation {unknown}
 p - a scroll of enchant armour {unknown}
 s - a scroll of vulnerability {unknown}
 t - a scroll of blinking {unknown}
Potions
 h - 2 potions of mutation
 i - 2 potions of attraction {unknown}
 o - a potion of curing {unknown}
 q - a potion of cancellation
 r - a potion of magic {unknown}
 z - a potion of flight {unknown}
 A - a potion of ambrosia {unknown}


   Skills:
 - Level 2.1 Fighting
 * Level 6.2 Short Blades
 - Level 2.1 Throwing
 - Level 1.2 Dodging
 + Level 6.7 Stealth


You had 4 spell levels left.
You didn't know any spells.
Your spell library was empty.

Dungeon Overview and Level Annotations

Branches:
Dungeon (4/15) Zot: 20681
 Temple: D:4-7

Altars:

Annotations:
D:2 exclusion: goblin, Robin


Innate Abilities, Weirdness & Mutations

You are small and have problems with some larger weapons.
You are completely attuned to the shadows.


Message History

The orc priest looks satisfied for a moment.
You barely miss the orc priest.
The orc priest mumbles some strange prayers to Beogh against you.
Beogh smites you!
You hit the orc priest.
The orc priest is moderately wounded.
You hit the orc priest.
The orc priest is moderately wounded.
The orc priest unwields a +0 sling.
The orc priest wields a +0 flail.
The orc priest closely misses you.
You hit the orc priest but do no damage.
The orc priest is moderately wounded.
The orc hits you with a +0 mace. The orc priest closely misses you.
You hit the orc priest.
The orc priest is severely wounded.
The orc hits you but does no damage.
You barely miss the orc priest.
The orc priest is severely wounded.
The orc priest misses you.
You hit the orc priest but do no damage.
The orc priest is severely wounded.
The orc closely misses you. The orc priest closely misses you.
You hit the orc priest.
The orc priest is severely wounded.
The orc misses you.
You barely miss the orc priest.
The orc priest is severely wounded.
The orc priest looks satisfied for a moment.
You hit the orc priest.
The orc priest is almost dead.
The orc hits you with a +0 mace.
The orc priest mumbles some strange prayers to Beogh against you.
Beogh smites you!
* * * LOW HITPOINT WARNING * * *
You hear a shout!
Okay, then.
You barely miss the orc priest.
The orc priest is almost dead.
The orc hits you with a +0 mace!
You die...

. ..#
#..g#
#.#.#####
#. #...#
##.#......
#. #...#
..........
#. #oo.#
...oo<.#
#.#'##@..#
..g.o..#
#....)...#
.......#
#.......##
.[.....#
#.......#
.......+
#.......#
#.......#
#.......#
#.......#
#.......#


You could see an orc priest, an orc and a goblin.

Vanquished Creatures
  Jessica (D:2)
  An orc wizard (D:3)
  2 adders (D:2)
  A worm (D:3)
  3 dart slugs
  7 orcs
  8 bats
  11 endoplasms
  4 giant cockroaches
  3 goblins
  3 hobgoblins
  6 jackals
  5 kobolds
  2 quokkas (D:3)
  2 ball pythons
  6 frilled lizards
  6 rats
71 creatures vanquished.

Notes
Turn   | Place    | Note
-------+----------+-------------------------------------------
     0 | D:1      | ketsa the Kobold Brigand began the quest for the Orb.
     0 | D:1      | Reached XP level 1. HP: 12/12 MP: 1/1
   235 | D:1      | Reached XP level 2. HP: 17/17 MP: 2/2
   445 | D:1      | Reached XP level 3. HP: 19/21 MP: 3/3
  1061 | D:2      | Noticed Jessica
  1065 | D:2      | Killed Jessica
  1102 | D:2      | Reached XP level 4. HP: 26/26 MP: 4/4
  1302 | D:2      | Reached skill level 5 in Short Blades
  1713 | D:2      | Noticed Robin
  2015 | D:3      | Reached XP level 5. HP: 30/30 MP: 5/5
  2196 | D:3      | Identified the +2 leather armour "Gaicahae" {rElec rC-
                  | Str+2}
  2501 | D:3      | Identified the amulet "Xemon" {Reflect Int+2 SH+5}
  3358 | D:4      | Slain by an orc

Illustrated notes

Levels and vault maps discovered:
D:1:      dpeg_arrival_long_road, layout_basic, serial_glass, glass_columns_c,
          glass_columns_a, feat_on_display, item_on_display_a, st_stairs_8,
          minmay_misc_feat_four_crosses, nicolae_concentric_dashed_squares_mild
D:2:      layout_rooms, kennysheep_cross_room, chequers_serial_rivers_room_a,
          nicolae_half_adder, uniq_robin, uniq_jessica
D:3:      layout_loops_corners, minmay_checkerbox
D:4:      layout_basic, kennysheep_mini, minmay_misc_feat_cross, feat_on_display

Skill      XL: |  1  2  3  4  5 |
---------------+----------------+-----
Short Blades   | 3 4 5 6 |  6.2
Stealth        | 6 |  6.7
Fighting       | |  2.1
Throwing       | |  2.1
Dodging        | |  1.2

Action                     |  1- 3 |  4- 6 || total
---------------------------+-------+-------++-------
  Melee: Dagger            |    32 |   116 ||   148
    Use: Scroll            |       |     2 ||     2
   Stab: Sleeping          |    12 |    20 ||    32
 Armour: Robe              |     5 |    21 ||    26
  Dodge: Dodged            |    12 |    56 ||    68
  Block: Other             |       |     5 ||     5
